Match 44515650
Unlisted

Match 44515650
End
Engineer Squad
Construct Barracks
Selects Advanced Infantry Battlegroup
Selects Advanced Infantry Battlegroup
Riflemen Squad
Riflemen Squad
Infantry Support Center
Selects Convert to Ranger Squad
M1 Mortar Team
Construct Medical Station
Convert to Ranger Squad
Munitions Surplus
Selects Frontline Medical Station
Frontline Medical Station
Swat5.1
Rdcis
Exf
Gravey
菲蕾嘉
inc.
JT
子清
0
0

Comments sign in to comment!

No comments posted yet!